 Dungeon Crawl Stone Soup version 0.30-a0-782-ge64f9170bb (webtiles) character file.

Game seed: 15230877869251016542

184 mopl the Vexing (level 5, -3/28 HPs)
             Began as a Deep Elf Enchanter on Mar 11, 2023.
             Slain by a gnoll
             ... wielding a +0 club
              (5 damage)
             ... on level 3 of the Dungeon.
             The game lasted 00:04:18 (2375 turns).

mopl the Vexing (Deep Elf Enchanter)                Turns: 2375, Time: 00:04:19

Health: -3/28      AC:  3    Str:  5    XL:     5   Next: 36%
Magic:  1/13       EV: 12    Int: 22    God:
Gold:   148        SH:  0    Dex: 15    Spells: 5/13 levels left

rFire   . . .      SeeInvis .    a - +1 dagger
rCold   . . .      Faith    .    (no shield)
rNeg    + . .      Spirit   .    b - +0 robe
rPois   .          Reflect  .    r - +0 helmet
rElec   .          Harm     .    (no cloak)
rCorr   .          Rampage  .    (no gloves)
Will    .....                    (no boots)
Stlth   +++                      (no amulet)
HPRegen 0.24/turn                o - ring of positive energy
MPRegen 0.13/turn                (no ring)

@: no status effects
A: no striking features
a: no special abilities


You were on level 3 of the Dungeon.
You visited 1 branch of the dungeon, and saw 3 of its levels.

You collected 148 gold pieces.

Inventory:

Hand Weapons
 a - a +1 dagger (weapon)
 p - a +1 trident of venom
Missiles
 d - 3 poisoned darts
Armour
 b - a +0 robe (worn)
 r - a +0 helmet (worn)
Jewellery
 o - a ring of positive energy (left hand)
Scrolls
 e - 3 scrolls of teleportation {unknown}
 f - a scroll of fear {unknown}
 h - 2 scrolls of torment {unknown}
 i - a scroll of magic mapping {unknown}
 j - a scroll of silence {unknown}
 l - a scroll of fog {unknown}
 m - 2 scrolls of vulnerability {unknown}
 n - a scroll of blinking {unknown}
Potions
 c - 2 potions of invisibility
 g - a potion of curing
 k - a potion of cancellation {unknown}
 q - a potion of magic
 s - a potion of heal wounds
 t - a potion of might


   Skills:
 + Level 2.6 Short Blades
 - Level 2.4 Dodging
 + Level 5.0 Stealth
 + Level 4.5 Spellcasting
 + Level 5.3 Hexes


You had 5 spell levels left.
You knew the following spells:

 Your Spells              Type           Power      Damage    Failure   Level
b - Ensorcelled Hibernat  Hex/Ice        32%        N/A       5%          2
c - Confusing Touch       Hex            28%        N/A       3%          3
d - Tukima's Dance        Hex            28%        N/A       3%          3

Your spell library contained the following spells:

 Spells                   Type           Power      Damage    Failure   Level
 Slow                     Hex            100%       N/A       1%          1
 Apportation              Tloc           8%         N/A       11%         1
 Dazzling Flash           Conj/Hex       32%        N/A       11%         3
 Vampiric Draining        Necr           4%         2d6       32%         3
 Alistair's Intoxication  Tmut/Pois      2%         N/A       96%         5


Dungeon Overview and Level Annotations

Branches:
Dungeon (3/15)

Altars:
Trog


Message History

The hobgoblin hits you but does no damage.
The hobgoblin looks drowsy...
The helpless hobgoblin fails to defend itself.
You impale the hobgoblin!!
You kill the hobgoblin!
The gnoll throws a throwing net.
The throwing net closely misses you. The gnoll hits you with a +0 club.
The gnoll resists with significant effort.
The gnoll hits you with a +0 club!
You are too injured to fight recklessly!
Casting: Ensorcelled Hibernation (safe; 5% risk of failure)
Confirm with . or Enter, or press ? or * to list all spells.
Aiming: Ensorcelled Hibernation (safe; 5% risk of failure)
Press: ? - help, Shift-Dir - straight line, f/p - gnoll
Aim: a gnoll, wielding a +0 club (chance to affect: 58%)
The gnoll resists with significant effort.
The gnoll hits you but does no damage.
You see here a throwing net.
u - a throwing net The gnoll hits you with a +0 club.
* * * LOW HITPOINT WARNING * * *
Casting: Ensorcelled Hibernation (safe; 5% risk of failure)
Confirm with . or Enter, or press ? or * to list all spells.
Aiming: Ensorcelled Hibernation (safe; 5% risk of failure)
Press: ? - help, Shift-Dir - straight line, f/p - gnoll
Aim: a gnoll, wielding a +0 club (chance to affect: 58%)
The gnoll resists with significant effort.
The gnoll closely misses you. The gnoll attacks as you move away!
The gnoll barely misses you. The gnoll attacks as you move away!
The gnoll hits you with a +0 club.
* * * LOW HITPOINT WARNING * * *
The gnoll attacks as you move away! The gnoll hits you with a +0 club.
* * * LOW HITPOINT WARNING * * *
Throw: throwing net
Press: ? - help, Shift-Dir - straight line, f/p - gnoll
Aim: a gnoll, wielding a +0 club (61% to hit)
You throw a throwing net.
The throwing net barely misses the gnoll.
The gnoll hits you with a +0 club.
You die...

### #.. #.# #
### #.# #. ##g##
#.#
####(###.#.##
#.#
#.......###.####
#####†#
...#.#g## ##g..#
#...... ##@#
#.##.# #.#....
##.#.# #.#
#...... #.# #.#
#.#.... ### #.#
#...... #.#
#####.. #.# ###
####)##### #
#........# #
##.##.###.# #


You could see a gnoll.

Vanquished Creatures
  Robin (D:2)
  5 gnolls
  3 adders
  2 dart slugs
  5 bats
  6 endoplasms
  A giant cockroach (D:1)
  8 hobgoblins
  10 jackals
  4 kobolds
  3 quokkas (D:1)
  5 ball pythons
  3 frilled lizards
  5 goblins
  2 rats (D:2)
63 creatures vanquished.

Vanquished Creatures (collateral kills)
  Terence (D:2)
1 creature vanquished.

Vanquished Creatures (others)
  A dancing weapon (D:2)
1 creature vanquished.

Grand Total: 65 creatures vanquished

Notes
Turn   | Place    | Note
-------+----------+-------------------------------------------
     0 | D:1      | mopl the Deep Elf Enchanter began the quest for the Orb.
     0 | D:1      | Reached XP level 1. HP: 10/10 MP: 6/6
   339 | D:1      | Reached XP level 2. HP: 10/15 MP: 8/8
   364 | D:1      | Learned a level 2 spell: Ensorcelled Hibernation
   430 | D:1      | Reached skill level 4 in Stealth
  1070 | D:2      | Reached XP level 3. HP: 16/19 MP: 10/10
  1076 | D:2      | Learned a level 3 spell: Confusing Touch
  1080 | D:2      | Learned a level 3 spell: Tukima's Dance
  1085 | D:2      | Found a bloodstained altar of Trog.
  1099 | D:2      | Noticed Terence
  1407 | D:2      | Reached skill level 2 in Short Blades
  1436 | D:2      | Killed Terence
  1437 | D:2      | Reached skill level 4 in Spellcasting
  1437 | D:2      | Reached XP level 4. HP: 17/24 MP: 2/12
  1592 | D:1      | Reached skill level 5 in Hexes
  1655 | D:2      | Noticed Robin
  1733 | D:2      | Killed Robin
  1734 | D:2      | Reached XP level 5. HP: 23/28 MP: 3/13
  2332 | D:3      | Reached skill level 5 in Stealth
  2373 | D:3      | HP: 1/28 [gnoll/+0 club (5)]
  2375 | D:3      | Slain by a gnoll

Illustrated notes

Levels and vault maps discovered:
D:1:      dpeg_arrival_signposts, layout_loops_ring
D:2:      layout_loops_ring, minmay_hexomino_r4, uniq_terence, uniq_robin
D:3:      wad_river_or_something, layout_loops_corners

Skill      XL: |  1  2  3  4  5 |
---------------+----------------+-----
Stealth        | 4 5 |  5.0
Short Blades   | 2 |  2.6
Spellcasting   | 4 |  4.5
Hexes          | 5 |  5.3
Dodging        | |  2.4

Action                     |  1- 3 |  4- 6 || total
---------------------------+-------+-------++-------
  Melee: Dagger            |   116 |    47 ||   163
         Punch             |     1 |       ||     1
  Throw: Throwing net      |       |     1 ||     1
   Cast: Ensorcelled Hiber |    18 |    25 ||    43
         Tukima's Dance    |     1 |       ||     1
    Use: Scroll            |       |     5 ||     5
   Stab: Sleeping          |    17 |    25 ||    42
 Armour: Robe              |    20 |    12 ||    32
  Dodge: Dodged            |    99 |    43 ||   142

Table legend: (Time is in decaauts)
 A = Elapsed time spent in this place.
 B = Non-inter-level travel time spent in this place.
 C = Inter-level travel time spent in this place.
 D = Time resting spent in this place.
 E = Time spent auto-exploring this place.
 F = Levels seen in this place.
 G = Mean time per level.
                   A        B        C        D        E       F      G
               +--------+--------+--------+--------+--------+-----+--------+
         Total |   2363 |   2232 |    131 |    367 |   1266 |   3 |  787.7 |
       Dungeon |   2363 |   2232 |    131 |    367 |   1266 |   3 |  787.7 |
               +--------+--------+--------+--------+--------+-----+--------+

Top non-repeatable levels by time:
     D:1: 1222 daAuts
     D:2: 865 daAuts
     D:3: 276 daAuts
